 Dungeon Crawl Stone Soup version 0.29.1-15-g9cfb28693d (webtiles) character file.

Game seed: 14322480693379721877

71246 ThatPearl the Severer (level 14, -1/146 HPs)
             Began as a Minotaur Berserker on Mar 14, 2023.
             Was the Champion of Trog.
             Succumbed to a naga mage's splash of poison
             ... on level 1 of the Snake Pit.
             The game lasted 01:11:45 (20397 turns).

ThatPearl the Severer (Minotaur Berserker)         Turns: 20397, Time: 01:11:46

Health: -1/146     AC: 25    Str: 24      XL:     14   Next: 97%
Magic:  13/13      EV: 13    Int:  1 (2)  God:    Trog [******]
Gold:   558        SH:  5    Dex: 19      Spells: 13/13 levels left

rFire   + . .      SeeInvis .   y - +3 executioner's axe (freeze)
rCold   + . .      Faith    .   (shield currently unavailable)
rNeg    . . .      Spirit   .   C - +0 gold dragon scales
rPois   +          Reflect  +   (helmet restricted)
rElec   .          Harm     .   n - +1 cloak
rCorr   .          Rampage  .   U - +1 pair of gloves {hurl}
Will    +....                   G - +1 pair of boots
Stlth   ..........              b - amulet of reflection
HPRegen 0.34/turn               R - +6 ring of dexterity
MPRegen 0.13/turn               p - +4 ring of evasion

@: lethally poisoned (-1 -> -7), on berserk cooldown, slowed, lost intelligence,
unable to read, very slow
A: horns 2, retaliatory headbutt, dopey 1
a: Renounce Religion, Berserk, Trog's Hand, Brothers in Arms


You were on level 1 of the Snake Pit.
You worshipped Trog.
Trog was exalted by your worship.
You visited 4 branches of the dungeon, and saw 20 of its levels.
You also visited: Gauntlet and Ice Cave.

You collected 2066 gold pieces.
You spent 1508 gold pieces at shops.

Inventory:

Hand Weapons
 t - a +1 trident of protection
 y - a +3 executioner's axe of freezing (weapon)
Missiles
 e - 25 poisoned darts (quivered)
 K - a curare-tipped dart
 T - 4 atropa-tipped darts
Armour
 n - a +1 cloak (worn)
 C - +0 gold dragon scales (worn)
 E - a +2 tower shield of cold resistance
 F - a scarf of invisibility
 G - a +1 pair of boots (worn)
 M - the +1 ring mail of the Game of Life {+Blink SInv}
   (You found it in a Gauntlet)

   SInv:      It lets you see invisible.
   +Blink:    It lets you blink.
 U - a +1 pair of gloves of hurling (worn)
 Z - a scarf of resistance
Jewellery
 b - an amulet of reflection (around neck)
 d - an amulet of the acrobat
 p - a +4 ring of evasion (right hand)
 z - a ring of resist corrosion
 O - a ring of flight
 R - a +6 ring of dexterity (left hand)
 W - the ring "Osivusk" {rPois rF+ Str+2 Dex-5 SInv}
   (You found it in a Gauntlet)

   [ring of see invisible]

   Str:       It affects your strength (+2).
   Dex:       It affects your dexterity (-5).
   rF:        It protects you from fire.
   rPois:     It protects you from poison.
   SInv:      It lets you see invisible.
 X - a ring of protection from cold
Wands
 a - a wand of polymorph (10)
 l - a wand of charming (8)
 q - a wand of light (4)
 B - a wand of flame (49)
 H - a wand of iceblast (18)
 L - a wand of mindburst (23)
 N - a wand of digging (5)
Scrolls
 c - a scroll of fear
 f - 3 scrolls of brand weapon
 i - 2 scrolls of magic mapping
 m - 6 scrolls of blinking
 o - 3 scrolls of teleportation
 v - 6 scrolls of poison
 A - 3 scrolls of butterflies
 Q - 3 scrolls of vulnerability
Potions
 g - 8 potions of heal wounds
 j - 10 potions of curing
 k - 3 potions of haste
 r - 3 potions of invisibility
 s - 3 potions of cancellation
 u - 2 potions of resistance
 w - 5 potions of mutation
 x - 3 potions of might
 D - 2 potions of attraction {unknown}
 I - 2 potions of brilliance {unknown}
 Y - 3 potions of degeneration {unknown}
Miscellaneous
 h - a lightning rod (4/4)
 J - a phantom mirror
 P - a condenser vane
 S - a box of beasts
 V - a phantom mirror


   Skills:
 + Level 19.4 Fighting
 + Level 19.4 Axes
 + Level 11.0 Armour
 - Level 9.1 Dodging
 + Level 6.5 Evocations


You had 13 spell levels left.
You didn't know any spells.
Your spell library contained the following spells:

 Spells                   Type           Power      Damage    Failure   Level
 Tukima's Dance           Hex            0%         N/A       100%        3
 Anguish                  Hex/Necr       0%         N/A       100%        4
 Passage of Golubria      Tloc           0%         N/A       100%        4
 Yara's Violent Unravell  Hex/Tmut       0%         3d3       100%        5
 Enfeeble                 Hex            0%         N/A       100%        7


Dungeon Overview and Level Annotations

Branches:
Dungeon (12/15)            Temple (0/1) D:7            Lair (5/5) D:10
 Shoals (0/4) Lair:2        Snake (1/4) Lair:3          Orc (2/2) D:9
    Elf (0/3) Orc:2         IceCv (visited)         Gauntlet (visited)
  Slime: Lair:4-5

Altars:
Ashenzari
Gozag
Kikubaaqudgha
Makhleb
Trog
Wu Jian
The Shining One

Shops:
D:8 *   D:9 *   Orc:1 [*:!(   Orc:2 (=!*

Annotations:
D:9 3 runed translucent doors


Innate Abilities, Weirdness & Mutations

You have a pair of horns on your head.
You reflexively headbutt those who attack you in melee.
You are dopey. (Int -2)


Message History

You completely miss the naga mage.
You feel very sick.
The naga warrior hits you with a +0 dire flail!!
* * * LOW HITPOINT WARNING * * *
The naga warrior constricts you.
* * * LOW HITPOINT WARNING * * *
The naga mage completely misses you.
You slash the naga warrior! You freeze the naga warrior.
You headbutt the naga warrior!
You kill the naga warrior!
Trog accepts your kill.
You hit the naga mage but do no damage.
You feel very sick. The naga mage misses you. The naga mage grabs you.
The naga mage constricts you.
You feel your intelligence returning.
You closely miss the naga mage. You headbutt the naga mage.
The naga mage is almost dead.
You feel sick. The naga mage spits poison at you.
The splash of poison hits you but does no damage.
You are lethally poisoned!
You resist. The naga mage constricts you.
* * * LOW HITPOINT WARNING * * *
You open the naga mage like a pillowcase!!!
You freeze the naga mage.
You kill the naga mage!
Trog accepts your kill.
Trog appreciates your killing of a magic user.
* * * LOW HITPOINT WARNING * * *
You feel very sick.
You are too berserk!
* * * LOW HITPOINT WARNING * * *
You feel very sick.
Okay, then.
You feel a strong urge to attack something.
You are no longer berserk.
You are exhausted.
You feel yourself slow down.
You die...

...# .# .#
..#. .###.#
.#... .....#
###....
.....#
...#....
..... ...$#
..##...
.....###...#
....#...#@.#
...#..)..#.#
#...)..#.#
...#..)..#.#
....#.).#..#
.....###.#.#
....# # .#
...# .# ###


There were no monsters in sight!

Vanquished Creatures
  A frost giant (IceCv)
  A minotaur (Gauntlet)
  6 hydras
  A catoblepas (Lair:4)
  5 two-headed ogres
  A naga warrior (Snake:1)
  9 death yaks
  5 orc high priests (Orc:2)
  A naga sharpshooter (Snake:1)
  8 orc knights
  A mana viper (Snake:1)
  2 orc sorcerers
  A manticore (D:11)
  3 elephants (Lair:3)
  A merfolk siren (Lair:2)
  8 black mambas
  A naga mage (Snake:1)
  An ice statue (IceCv)
  12 cane toads
  12 rime drakes
  Psyche (D:11)
  3 komodo dragons
  An unseen horror (D:11)
  7 trolls
  3 meliai (Gauntlet)
  3 hornets
  12 polar bears
  8 blink frogs
  2 slime creatures (D:12)
  Sigmund (D:3)
  15 basilisks
  12 wyverns
  A steam dragon (D:9)
  65 yaks
  The ghost of AverageBear the Ducker, an amateur OpFi (D:4)
  2 nagas (Lair:3)
  7 wargs
  11 water moccasins
  46 orc warriors
  An ice beast (D:8)
  3 black bears
  2 sky beasts (D:7)
  8 ogres
  11 wolves
  2 centaurs (D:9)
  2 kobold brigands
  A necrophage (D:8)
  3 bullfrogs
  4 wights (D:9)
  A scorpion (D:5)
  6 killer bees (D:9)
  3 howler monkeys
  3 hounds
  A jelly (D:5)
  32 orc priests
  3 iguanas
  37 orc wizards
  17 hell rats
  Robin (D:3)
  6 adders
  7 gnolls
  2 shadow imps (D:6)
  2 worms (D:2)
  2 dart slugs
  112 orcs
  9 ball pythons
  6 endoplasms
  3 giant cockroaches
  10 goblins
  12 hobgoblins
  11 jackals
  15 kobolds
  2 quokkas (D:2)
  6 bats
  A frilled lizard (D:1)
  10 rats
638 creatures vanquished.

Vanquished Creatures (collateral kills)
  A two-headed ogre (D:12)
  A wizard (D:12)
  2 ugly things (D:12)
  A cyclops (D:12)
  2 kobold demonologists (D:12)
  A troll (D:12)
  A centaur (D:12)
  2 kobold brigands (D:12)
11 creatures vanquished.

Vanquished Creatures (others)
  A demonic plant (Gauntlet)
  29 fungi
  49 plants
79 creatures vanquished.

Grand Total: 728 creatures vanquished

Notes
Turn   | Place    | Note
-------+----------+-------------------------------------------
     0 | D:1      | ThatPearl the Minotaur Berserker began the quest for the
                  | Orb.
     0 | D:1      | Reached XP level 1. HP: 19/19 MP: 0/0
   129 | D:1      | Reached XP level 2. HP: 27/27 MP: 1/1
   408 | D:1      | Found a faded altar of an unknown god.
   949 | D:2      | Reached XP level 3. HP: 28/34 MP: 2/2
  1069 | D:2      | Reached ** piety under Trog
  1405 | D:2      | Reached XP level 4. HP: 29/41 MP: 3/3
  1513 | D:2      | Reached skill level 5 in Fighting
  1513 | D:2      | Reached skill level 5 in Axes
  2103 | D:3      | Noticed Sigmund
  2405 | D:3      | Noticed Robin
  2451 | D:3      | Killed Sigmund
  2452 | D:3      | Reached XP level 5. HP: 51/51 MP: 4/4
  2452 | D:3      | Reached XP level 6. HP: 58/58 MP: 5/5
  2580 | D:3      | Killed Robin
  2757 | D:3      | Found an opulent altar of Gozag.
  2856 | D:3      | Found a broken altar of Ashenzari.
  3406 | D:4      | Found a runed translucent gate.
  3406 | D:4      | Found a runed translucent gate.
  3406 | D:4      | Found a runed translucent gate.
  3410 | D:4      | Noticed AverageBear's ghost (amateur OpFi)
  3423 | D:4      | Killed AverageBear's ghost
  3696 | D:4      | Found an ancient bone altar of Kikubaaqudgha.
  3698 | D:4      | Reached *** piety under Trog
  3995 | D:5      | Entered Level 5 of the Dungeon
  4056 | D:5      | Reached XP level 7. HP: 59/66 MP: 6/6
  4171 | D:5      | Found a burning altar of Makhleb.
  4279 | D:5      | Found a bloodstained altar of Trog.
  4446 | D:5      | Found a glowing golden altar of the Shining One.
  4853 | D:6      | Reached XP level 8. HP: 67/75 MP: 7/7
  5836 | D:7      | Found a staircase to the Ecumenical Temple.
  5852 | D:7      | Reached skill level 10 in Fighting
  5852 | D:7      | Reached skill level 10 in Axes
  5873 | D:7      | Reached **** piety under Trog
  6071 | D:7      | Noticed a two-headed ogre
  6081 | D:7      | Killed a two-headed ogre
  6082 | D:7      | Reached XP level 9. HP: 85/89 MP: 8/8
  6966 | D:8      | Found Inwuily's Lightly-Used Armoury.
  7487 | D:8      | Noticed a two-headed ogre
  7500 | D:8      | Killed a two-headed ogre
  7501 | D:8      | Reached XP level 10. HP: 100/100 MP: 9/9
  7635 | D:8      | You fall into a shaft and drop 3 floors!
  7641 | D:10     | Entered Level 10 of the Dungeon
  7644 | D:10     | Noticed a two-headed ogre
  7654 | D:10     | Killed a two-headed ogre
  7728 | D:9      | Noticed a cyan ugly thing
  7728 | D:9      | Found a runed translucent gate.
  7728 | D:9      | Found a runed translucent gate.
  7728 | D:9      | Found a runed translucent gate.
  8174 | D:9      | Noticed a brown ugly thing
  8181 | D:9      | Noticed a white ugly thing
  8223 | D:9      | Found a staircase to the Orcish Mines.
  8326 | D:9      | Reached ***** piety under Trog
  8741 | D:9      | Found Meduu's Assorted Antiques.
  8751 | D:9      | Bought a scroll labelled COCOMN VEJYMOTS for 26 gold pieces
  8751 | D:9      | Bought a scroll labelled JAOSTR ETIA for 26 gold pieces
  9196 | D:10     | Reached XP level 11. HP: 31/111 MP: 10/10
  9585 | D:10     | Found a staircase to the Lair.
  9695 | D:10     | Found an ornate altar of the Wu Jian Council.
  9841 | D:10     | Noticed a two-headed ogre
  9849 | D:10     | Killed a two-headed ogre
  9850 | D:10     | Reached skill level 15 in Fighting
  9850 | D:10     | Reached skill level 15 in Axes
 10158 | D:10     | Noticed a two-headed ogre
 10165 | D:10     | Killed a two-headed ogre
 10324 | D:10     | Found a runed translucent door.
 10716 | D:10     | Received a gift from Trog
 11595 | D:11     | Noticed Psyche
 11603 | D:11     | Killed Psyche
 11652 | D:12     | Noticed a green ugly thing
 11655 | D:12     | Noticed a wizard
 11656 | D:12     | Killed a green ugly thing
 11657 | D:12     | Noticed a two-headed ogre
 11660 | D:12     | Killed a wizard
 11662 | D:12     | Killed a two-headed ogre
 11663 | D:12     | Noticed a green ugly thing
 11667 | D:12     | Killed a green ugly thing
 11668 | D:12     | Reached XP level 12. HP: 115/122 MP: 11/11
 11771 | Lair:1   | Entered Level 1 of the Lair of Beasts
 11789 | Lair:1   | Reached skill level 5 in Armour
 11978 | Lair:1   | Reached skill level 5 in Dodging
 11981 | Lair:1   | Received a gift from Trog
 12003 | Lair:1   | You fall into a shaft and drop 1 floor!
 12070 | Lair:2   | Noticed a five-headed hydra
 12854 | Lair:2   | Found a bloodstained altar of Trog.
 12986 | Lair:2   | Killed a five-headed hydra
 13115 | Lair:2   | Found a staircase to the Shoals.
 13474 | Lair:3   | Found a staircase to the Snake Pit.
 13506 | Lair:3   | Reached XP level 13. HP: 107/132 MP: 12/12
 14712 | Lair:4   | Reached skill level 1 in Evocations
 14908 | Lair:4   | Received a gift from Trog
 15419 | Lair:5   | Entered Level 5 of the Lair of Beasts
 15621 | Orc:1    | Entered Level 1 of the Orcish Mines
 15660 | Orc:1    | Paralysed by an orc sorcerer for 5 turns
 15697 | Orc:1    | Found a frozen archway.
 15706 | IceCv    | Entered an ice cave
 15737 | IceCv    | Reached XP level 14. HP: 140/143 MP: 13/13
 15796 | IceCv    | Reached skill level 10 in Armour
 15799 | IceCv    | Received a gift from Trog
 16153 | IceCv    | Noticed a frost giant
 16169 | IceCv    | Killed a frost giant
 16184 | IceCv    | Reached skill level 5 in Evocations
 16549 | Orc:1    | Found Jogadif's Weapon Boutique.
 16555 | Orc:1    | Found Otehutt's Distillery.
 16562 | Orc:1    | Found Icwarphi's Book Boutique.
 16572 | Orc:1    | Bought a potion of invisibility for 128 gold pieces
 16572 | Orc:1    | Bought a potion of cancellation for 128 gold pieces
 16607 | Orc:1    | Found Noqeomat's Antique Armour Boutique.
 16752 | Orc:1    | Identified the +6 battleaxe "Losaaxy" {vorpal, Dex+3} (Trog
                  | gifted it to you on level 1 of the Orcish Mines)
 16752 | Orc:1    | Received a gift from Trog
 16999 | Orc:1    | Found Kif Her's General Store.
 17270 | D:8      | Bought -1 gold dragon scales for 1200 gold pieces
 17770 | Orc:2    | Entered Level 2 of the Orcish Mines
 17770 | Orc:2    | Found a staircase to the Elven Halls.
 17790 | Orc:2    | Found a gate leading to a gauntlet.
 17796 | Gauntlet | Entered a Gauntlet
 17796 | Gauntlet | Found a transporter.
 17796 | Gauntlet | Found a transporter.
 17940 | Gauntlet | Found a transporter.
 17958 | Gauntlet | Found a transporter.
 17958 | Gauntlet | Found a transporter.
 17958 | Gauntlet | Found a transporter.
 17960 | Gauntlet | Found a transporter.
 17960 | Gauntlet | Found a transporter.
 17975 | Gauntlet | Found a transporter.
 17987 | Gauntlet | Found a runed translucent door.
 17988 | Gauntlet | Found a transporter.
 17989 | Gauntlet | Found a runed translucent door.
 17998 | Gauntlet | Found a transporter.
 18012 | Gauntlet | Found a transporter.
 18034 | Gauntlet | Found a transporter.
 18049 | Gauntlet | Found a transporter.
 18134 | Gauntlet | Identified the ring "Osivusk" {rPois rF+ Str+2 Dex-5 SInv}
 18294 | Gauntlet | Identified the +1 ring mail of the Game of Life {+Blink
                  | SInv}
 18294 | Gauntlet | Identified the +3 morningstar "Ezxutta" {venom, Dex+3}
 18816 | Orc:2    | Reached ****** piety under Trog
 19634 | Orc:2    | Received a gift from Trog
 19985 | Orc:2    | Lost intelligence.
 19985 | Orc:2    | Gained mutation: You are dopey. (Int -2) [a neqoxec]
 20126 | Orc:2    | Found Nyrext's General Store.
 20126 | Orc:2    | Found Atogeedgh's Antique Weapon Boutique.
 20127 | Orc:2    | Found Betimnit's Distillery.
 20127 | Orc:2    | Found Kyruologg's Jewellery Boutique.
 20375 | Snake:1  | Entered Level 1 of the Snake Pit
 20394 | Snake:1  | HP: 7/219 [constriction (4)]
 20396 | Snake:1  | HP: 2/219 [poisoned by a naga mage (splash of poison)]
 20397 | Snake:1  | Succumbed to a naga mage's splash of poison

Illustrated notes

Levels and vault maps discovered:
D:1:      psy_arrival_conway, layout_basic, shapermc_ecumenical_altar_acropolis
D:2:      layout_loops_ring, nicolae_hexahallways
D:3:      layout_rooms, cheibrodos_ashenzari_chains, general_overflow_altar,
          minivault_19, serial_bayou_crossing, uniq_sigmund, uniq_robin
D:4:      layout_loops_ring, nicolae_kikubaaqudgha_miasma_corner,
          ebering_ghost_rock_garden, kennysheep_generic_room_13
D:5:      layout_cave_pools, mainiacjoe_overflow_catwalk_spiral, bloody_trog,
          minmay_hedge_maze, minmay_fountain_box
D:6:      layout_gridville
D:7:      layout_rooms, minmay_temple_entry_sparse_star,
          kennysheep_generic_room_10
D:8:      minmay_spotlight, layout_basic, minmay_shop_damaged
D:9:      layout_cross, hiddenorc2_lemuel,
          ploomutoo_gammafunk_ghost_potion_laboratory, serial_shops,
          nicolae_shop_overgrown_old_shop
D:10:     layout_loops_corners, lemuel_doored_altar, minmay_lair_entry_grove,
          kennysheep_flooded_box, nrook_mini_backslash, lightli_church_of_beogh
D:11:     layout_roguey, uniq_psyche
D:12:     minmay_five_octagons, layout_irregular_city
Lair:1:   layout_regular_city, serial_bayou_shore_b
Lair:2:   layout_regular_city, minmay_shoals_entry_lonely_mermaid, basic_altar
Lair:3:   layout_cave_pods, guppyfry_snake_entry_island
Lair:4:   layout_roguey [special_room_mythical_zoo], grunt_megastairs_5
Lair:5:   due_jungle_book, layout_small_grid, minmay_slime_entry_jelly_boxes
Snake:1:  nicolae_snakescales, layout_misc_corridors, serial_shops, shop
Orc:1:    layout_caves, serial_shops, shop, nicolae_shop_behind_doors, shop,
          nicolae_diamond_shop, nicolae_diamond_shop, basic_altar,
          portal_ice_cave_entry_pillars_2, nooodl_orcs_dogs
Orc:2:    st_orc_pillars, layout_diamond_mine, gauntlet_entry_generic

Skill      XL: |  1  2  3  4  5  6  7  8  9 10 11 12 13 14 |
---------------+-------------------------------------------+-----
Fighting       | 4 6 7 8 11 12 14 16 17 18 19 | 19.4
Axes           | 4 6 7 8 11 12 14 16 17 18 19 | 19.4
Armour         | 4 7 9 11 | 11.0
Dodging        | 3 6 9 |  9.1
Evocations     | 3 6 |  6.5

Action                   |  1- 3 |  4- 6 |  7- 9 | 10-12 | 13-15 || total
-------------------------+-------+-------+-------+-------+-------++-------
Melee: Hand axe          |    90 |    87 |   125 |    44 |       ||   346
       Headbutt          |    13 |    11 |    38 |    83 |   142 ||   287
       Punch             |     2 |       |     3 |     2 |       ||     7
       Dagger            |       |    23 |    59 |       |       ||    82
       Battleaxe         |       |       |       |   378 |   152 ||   530
       Trident           |       |       |       |     9 |    47 ||    56
       Executioner's axe |       |       |       |       |   398 ||   398
Throw: Stone             |     5 |    14 |     1 |       |       ||    20
       Dart              |       |       |       |       |     1 ||     1
Invok: Berserk           |       |     3 |     3 |     5 |     4 ||    15
       Brothers in Arms  |       |       |       |     1 |       ||     1
       Trog's Hand       |       |       |       |       |     1 ||     1
  Use: Potion            |       |     2 |       |       |     1 ||     3
       Scroll            |       |       |       |     9 |    11 ||    20
 Stab: Invisible         |       |       |       |     1 |       ||     1
       Sleeping          |       |       |       |     1 |     1 ||     2
       Distracted        |       |       |       |     1 |       ||     1
Armor: Leather armour    |    21 |    11 |       |       |       ||    32
       Skin              |       |    11 |       |       |       ||    11
       Ring mail         |       |     3 |     7 |       |       ||    10
       Scale mail        |       |       |    49 |    52 |       ||   101
       Troll leather arm |       |       |       |    49 |   108 ||   157
       Gold dragon scale |       |       |       |       |    96 ||    96
Dodge: Dodged            |    59 |    71 |   140 |   337 |   508 ||  1115
Block: Other             |       |       |       |       |    46 ||    46
       Reflection        |       |       |       |       |     6 ||     6
